 Dungeon Crawl Stone Soup version 0.16-a0-4123-g49b462e (console) character file.

63 MrRokkomies the Insei (level 4, 28/28 HPs)
             Began as a Human Transmuter on Mar 2, 2015.
             Quit the game on level 2 of the Dungeon.
             The game lasted 00:08:18 (1841 turns).

MrRokkomies the Insei (Human Transmuter)            Turns: 1841, Time: 00:08:19

Health: 28/28      AC:  5    Str: 11    XL:     4   Next: 30%
Magic:  7/7        EV: 13    Int: 13    God:
Gold:   72         SH:  0    Dex: 12    Spells: 3 memorised, 1 level left

rFire  . . .     SeeInvis .       - Unarmed
rCold  . . .     Clarity  .     c - +0 robe
rNeg   . . .     SustAb   .     (no shield)
rPois  .         Gourm    .     (no helmet)
rElec  .         Spirit   .     j - +1 cloak
rCorr  .         Warding  .     (no gloves)
rMut   .         Stasis   .     k - +0 pair of boots
MR     .....                    (no amulet)
Stlth  +.........               (no ring)
                                (no ring)

@: not resistant to hostile enchantments, very unstealthy
A: blurry vision 1, clumsy 1, frail 1
a: no special abilities


You were on level 2 of the Dungeon.
You were not hungry.

You visited 1 branch of the dungeon, and saw 2 of its levels.

You collected 72 gold pieces.

Inventory:

Missiles
 b - 34 arrows
 e - 28 stones (quivered)
 f - 5 silver tomahawks
 g - 20 arrows of flame
Armour
 c - a +0 robe (worn)
 j - a +1 cloak (worn)
 k - a +0 pair of boots (worn)
Scrolls
 h - 2 scrolls of identify
Potions
 i - a potion of ambrosia
Books
 d - a book of Changes

   Spells                             Type                      Level
   a - Beastly Appendage              Transmutation                1
   b - Sticks to Snakes               Transmutation                2
   c - Spider Form                    Transmutation/Poison         3
   d - Ice Form                       Ice/Transmutation            4
   e - Blade Hands                    Transmutation                5
Comestibles
 a - 4 bread rations
 l - a chunk of flesh


   Skills:
 - Level 1.0 Fighting
 * Level 3.0 Dodging
 * Level 4.0 Unarmed Combat
 - Level 2.0 Spellcasting
 + Level 2.2 Transmutations


You had one spell level left.
You knew the following spells:

 Your Spells              Type           Power        Failure   Level  Hunger
a - Beastly Appendage     Trmt           #.....       12%         1    ##.....
b - Sticks to Snakes      Trmt           #.........   17%         2    ###....
c - Spider Form           Trmt/Pois      #.........   52%         3    ####...


Dungeon Overview and Level Annotations

Branches:
Dungeon (2/15)

Altars:
Ashenzari


Innate Abilities, Weirdness & Mutations

Scrolls take you a little longer to read.
You are clumsy. (Dex -2)
You are frail (-10% HP).


Message History

Your horns disappear.
You now have 72 gold pieces (gained 12).
You see here a hunting sling.
m - a black potion Read which item? (? for menu, Esc to quit)
Identify which item? (\ to view known items) (? for menu, Esc to quit)
As you read the scroll of identify, it crumbles to dust.
m - a potion of mutation You open the door.
Found a shattered altar of Ashenzari.
Drink which item? (? for menu, Esc to quit)
You feel extremely strange.
You feel frail.
You feel clumsy.
Your vision blurs.
There is an open door here.
You open the door.
An adder and a goblin come into view.
The goblin shouts!
Quiver which item? (- for none, * to show all) (? for menu, Esc to quit)
Okay, then.
Are you sure you want to abandon this character and quit the game? (Confirm with "yes".)

... #.# #.##.####.#
#.........#
#..###.#..#########
#...#......†....
#..)......####.# ##
####.....#...# #.#
###..#⌠.##'##.⌠#..#
#..
#..................
###
#.#.###.......#####.
#@......# .#
+...'..._...'.. #
.g....#.......#..
S...###.......## ...
......... #
#⌠.#.+.#. ###...#
...


You could see an adder (wandering) and a goblin.

Vanquished Creatures
  2 adders (D:2)
  A giant gecko (D:1)
  2 oozes (D:1)
  7 bats
  4 goblins
  5 hobgoblins
  3 jackals (D:2)
  3 kobolds (D:1)
  A quokka (D:2)
  2 giant cockroaches (D:1)
  2 giant newts (D:1)
  8 rats
40 creatures vanquished.

Notes
Turn   | Place    | Note
--------------------------------------------------------------
     0 | D:1      | MrRokkomies, the Human Transmuter, began the quest for the Orb.
     0 | D:1      | Reached XP level 1. HP: 15/15 MP: 3/3
   340 | D:1      | Reached XP level 2. HP: 18/21 MP: 4/4
   667 | D:1      | Reached XP level 3. HP: 26/26 MP: 6/6
   724 | D:1      | Learned a level 2 spell: Sticks to Snakes
   728 | D:1      | Learned a level 3 spell: Spider Form
  1425 | D:2      | Reached XP level 4. HP: 13/32 MP: 5/7
  1785 | D:2      | Reached skill level 4 in Unarmed Combat
  1833 | D:2      | Found a shattered altar of Ashenzari.
  1834 | D:2      | Gained mutation: You are frail (-10% HP). [potion of mutation]
  1834 | D:2      | Gained mutation: You are clumsy. (Dex -2) [potion of mutation]
  1834 | D:2      | Gained mutation: Scrolls take you a little longer to read. [potion of mutation]
  1841 | D:2      | Quit the game

Action                   |  1- 3 |  4- 6 || total
-------------------------+-------+-------++-------
Melee: Unarmed           |   111 |    30 ||   141
Throw: Stone             |     4 |       ||     4
 Cast: Beastly Appendage |     6 |     2 ||     8
  Use: Scroll            |     4 |     1 ||     5
       Potion            |       |     1 ||     1
  Eat: Chunk             |     1 |     2 ||     3
